 Dungeon Crawl Stone Soup version 0.29-a0-371-g91724d5b39 (webtiles) character file.

Game seed: 12999873373807567054

781 Colgate the Covert (level 8, -5/44 HPs)
             Began as a Kobold Brigand on May 3, 2022.
             Was a Priest of Zin.
             Slain by a vampire mosquito (8 damage)
             ... on level 5 of the Dungeon.
             The game lasted 00:18:26 (8354 turns).

Colgate the Covert (Kobold Brigand)                 Turns: 8354, Time: 00:18:27

Health: -5/44      AC:  5    Str:  8    XL:     8   Next: 11%
Magic:  9/9        EV: 14    Int: 26    God:    Zin [***...]
Gold:   240        SH:  0    Dex: 18    Spells: 7/7 levels left

rFire   . . .      SeeInvis .   b - +5 dagger "Sonease" {holy, Int+7}
rCold   . . .      Faith    .   (no shield)
rNeg    . . .      Spirit   .   z - +1 animal skin
rPois   .          Reflect  .   y - +0 helmet
rElec   .          Harm     .   c - +0 cloak
rCorr   +          Rampage  .   (no gloves)
Will    .....                   (no boots)
Stlth   ++++++....              l - amulet of the acrobat
HPRegen 0.14/turn               v - +6 ring of intelligence
MPRegen 0.11/turn               r - ring of resist corrosion

@: no status effects
A: small, no large weapons, nightstalker 3
a: Renounce Religion, Recite, Vitalisation, Imprison, Donate Gold


You were on level 5 of the Dungeon.
You worshipped Zin.
Zin was most pleased with you.
You visited 2 branches of the dungeon, and saw 6 of its levels.

You collected 266 gold pieces.
You donated 26 gold pieces to Zin.

Inventory:

Hand Weapons
 a - the +5 dagger of Bread {venom, rPois}
   (You found it on level 5 of the Dungeon)

   It poisons the flesh of those it strikes.
   rPois:     It protects you from poison.
 b - the +5 dagger "Sonease" (weapon) {holy, Int+7}
   (You found it on level 5 of the Dungeon)

   It has been blessed by the Shining One to cause great damage to the undead
   and demons.
   Int:       It affects your intelligence (+7).
 q - a +0 short sword of venom
 F - a +2 dagger
 K - a +0 mace
 L - a +0 vorpal rapier
Missiles
 d - 17 poisoned darts (quivered)
 e - 8 curare-tipped darts
 I - a throwing net {!f}
 J - 6 boomerangs
Armour
 c - a +0 cloak (worn)
 y - a +0 helmet (worn)
 z - a +1 animal skin (worn)
Jewellery
 l - an amulet of the acrobat (around neck)
 r - a ring of resist corrosion (right hand)
 v - a +6 ring of intelligence (left hand)
 C - a +6 ring of strength
Wands
 H - a wand of iceblast (10) {@v2}
Scrolls
 f - 4 scrolls of fear
 h - a scroll of teleportation {@r3}
 j - a scroll of magic mapping {@r5}
 k - a scroll of vulnerability
 p - 3 scrolls of summoning
 w - 3 scrolls of immolation
 B - a scroll of blinking {@r4}
 D - a scroll of brand weapon
 E - a scroll of enchant armour {unknown}
 G - a scroll of identify {@r1}
Potions
 g - a potion of berserk rage
 i - 3 potions of heal wounds {@q2}
 m - a potion of invisibility
 n - a potion of flight
 o - 2 potions of brilliance
 s - 3 potions of attraction
 t - 7 potions of curing {@q1}
 u - a potion of mutation {unknown}
 x - 3 potions of cancellation
 A - a potion of experience {unknown}


   Skills:
 - Level 2.1 Fighting
 - Level 8.1 Short Blades
 - Level 2.1 Throwing
 - Level 1.2 Dodging
 + Level 9.8 Stealth
 - Level 2.0 Invocations


You had 7 spell levels left.
You didn't know any spells.
Your spell library contained the following spells:

 Spells                   Type           Power      Damage    Failure   Level
 Tukima's Dance           Hex            0%         N/A       36%         3
 Passage of Golubria      Tloc           0%         N/A       77%         4
 Yara's Violent Unravell  Hex/Tmut       0%         3d3       98%         5


Dungeon Overview and Level Annotations

Branches:
Dungeon (5/15)             Temple (1/1) D:5

Altars:
Cheibriados
Fedhas
Gozag
Hepliaklqana
Kikubaaqudgha
Makhleb
Qazlal
Ru
Sif Muna
Uskayaw
Vehumet
Xom
Yredelemnul
Zin
The Shining One

Shops:
D:1 [

Annotations:
D:5 2 transporters, Longtemps's ghost, novice OpFE


Innate Abilities, Weirdness & Mutations

You are small and have problems with some larger weapons.
You are completely attuned to the shadows.


Message History

(D) Dungeon (T) Temple
Where to? (Enter - D:4, ? - help)
You see here a +0 club.
There is a stone staircase leading down here.
You climb downwards.
Level annotation: 2 transporters, Longtemps's ghost, novice OpFE A vampire mosquito comes into view.
There is a stone staircase leading up here.
There are monsters nearby!
Adjust to which letter? (? for menu, Esc to quit)
b - the +5 dagger "Sonease" {holy, Int+7}
L - a +0 vorpal rapier The +5 dagger of Bread {venom, rPois} stops dripping with poison.
You feel clever.
The +5 dagger "Sonease" {holy, Int+7} softly glows with a divine radiance!
b - the +5 dagger "Sonease" (weapon)
{holy, Int+7}
Okay, then.
Okay, then.
Okay, then.
The vampire mosquito buzzes angrily. x2
You hit the vampire mosquito.
The vampire mosquito convulses.
The vampire mosquito bites you!
The vampire mosquito draws strength from your injuries!
The vampire mosquito bites you!
The vampire mosquito draws strength from your injuries!
The vampire mosquito bites you.
The vampire mosquito draws strength from your injuries!
You hit the vampire mosquito.
The vampire mosquito convulses.
The vampire mosquito bites you!
* * * LOW HITPOINT WARNING * * *
The vampire mosquito draws strength from your injuries!
The vampire mosquito closely misses you.
You hit the vampire mosquito.
The vampire mosquito convulses.
The vampire mosquito bites you but does no damage.
A vampire mosquito comes into view.
The vampire mosquito bites you!
* * * LOW HITPOINT WARNING * * *
The vampire mosquito draws strength from your injuries!
You barely miss the vampire mosquito. The vampire mosquito bites you!
You die...

###........## #######
#.+.........###.....###
##.#.........#.........#
......######.#.#.###.#.#
......######.#.#.y.#.#.# ######
...........#.#.#.#.#.#.# #.....
.............#.#.#.#.#.# #.....
........####...y.#.#.#.#####..(..
.............#.#@y...............
..............>.<......))........
##+##+######.#.#.#.#.#.#....#####
...#.....###.#.#.###.#.#....#####
####.................#.#.........
####......##.#...................
#...#........#.........###.##....
#...#####.#..#########.###....#..
#...# #.#............#.....##..


You could see 3 vampire mosquitoes.

Vanquished Creatures
  2 scorpions
  2 hounds (D:4)
  An orc priest (D:5)
  A gnoll shaman (D:5)
  Jessica (D:3)
  5 orc wizards
  Robin (D:2)
  13 gnolls
  10 adders
  A shadow imp (D:5)
  An ufetubus (D:4)
  2 worms
  2 dart slugs
  18 orcs
  A bat skeleton (D:2)
  A bat zombie (D:2)
  8 endoplasms
  3 giant cockroaches
  21 goblins
  9 hobgoblins
  2 jackals (D:2)
  9 quokkas
  6 ball pythons
  2 ball python zombies (D:2)
  4 bats
  4 frilled lizards
  9 kobolds
  2 quokka skeletons (D:2)
  6 rats
147 creatures vanquished.

Vanquished Creatures (others)
  A withered plant (D:2)
1 creature vanquished.

Grand Total: 148 creatures vanquished

Notes
Turn   | Place    | Note
-------+----------+-------------------------------------------
     0 | D:1      | Colgate the Kobold Brigand began the quest for the Orb.
     0 | D:1      | Reached XP level 1. HP: 12/12 MP: 1/1
    68 | D:1      | Reached XP level 2. HP: 17/17 MP: 2/2
   118 | D:1      | Found a faded altar of an unknown god.
   123 | D:1      | Prayed at the altar of an unknown god.
   123 | D:1      | Became a worshipper of Zin the Law-Giver
   123 | D:1      | Reached * piety under Zin
   169 | D:1      | Found Akkuvyr's Armour Shop.
   494 | D:1      | Reached XP level 3. HP: 21/21 MP: 3/3
  1191 | D:2      | Reached skill level 5 in Short Blades
  1307 | D:2      | Reached XP level 4. HP: 26/26 MP: 4/4
  1315 | D:2      | Reached ** piety under Zin
  1719 | D:2      | Reached skill level 1 in Invocations
  1790 | D:2      | Reached XP level 5. HP: 30/30 MP: 4/6
  2435 | D:2      | Noticed Robin
  2517 | D:2      | Reached skill level 6 in Stealth
  2847 | D:2      | Killed Robin
  3389 | D:3      | Noticed Jessica
  3405 | D:3      | Killed Jessica
  3406 | D:3      | Reached XP level 6. HP: 8/35 MP: 7/7
  3756 | D:3      | Reached skill level 7 in Stealth
  4408 | D:3      | Reached skill level 8 in Stealth
  4902 | D:4      | Reached *** piety under Zin
  4931 | D:4      | Reached XP level 7. HP: 35/40 MP: 8/8
  5196 | D:4      | Reached skill level 9 in Stealth
  5266 | D:4      | Found a blossoming altar of Fedhas.
  5491 | D:4      | Found a glowing silver altar of Zin.
  5610 | D:4      | Found Ypozaoxt's Armour Boutique.
  5876 | D:5      | Entered Level 5 of the Dungeon
  5904 | D:5      | Found a staircase to the Ecumenical Temple.
  5911 | Temple   | Entered the Ecumenical Temple
  6276 | D:5      | Found a transporter.
  6276 | D:5      | Noticed Longtemps's ghost (novice OpFE)
  6409 | D:5      | Identified the +5 dagger of Bread {venom, rPois}
  6478 | D:5      | Found a hazy altar of Hepliaklqana.
  6832 | D:5      | Reached **** piety under Zin
  6841 | D:5      | Found a transporter.
  7167 | D:5      | Reached XP level 8. HP: 15/44 MP: 9/9
  8090 | D:5      | Identified the +5 dagger "Sonease" {holy, Int+7}
  8170 | D:5      | Found a stormy altar of Qazlal.
  8354 | D:5      | Slain by a vampire mosquito

Illustrated notes

Levels and vault maps discovered:
D:1:      onia_arrival_pyramid, layout_loops_corners, serial_shops, shop,
          ebering_ecumenical_altar_hall
D:2:      layout_rooms, serial_undead, serial_undead_f, serial_undead_b,
          serial_undead_b, serial_undead_a, serial_undead_e, serial_undead_b,
          minmay_misc_feat_columns, hex_large, grunt_decor_junction,
          minmay_fractal_squares_5, uniq_robin
D:3:      layout_loops_corners, uniq_jessica
D:4:      layout_loops_ring, lemuel_crystal_altar,
          mainiacjoe_overflow_cross_hatched, serial_shops,
          nicolae_shop_window_shopping
D:5:      layout_basic, general_overflow_altar, old_standard_altar,
          minmay_temple_entry_waves, gammafunk_ghost_mausoleum
Temple:   minmay_temple_curvy_loop

Skill      XL: |  1  2  3  4  5  6  7 |
---------------+----------------------+-----
Short Blades   | 3 4 5 6 8 |  8.1
Invocations    | 1 2 |  2.0
Stealth        | 6 8 9 |  9.8
Fighting       | |  2.1
Throwing       | |  2.1
Dodging        | |  1.2

Action                   |  1- 3 |  4- 6 |  7- 9 || total
-------------------------+-------+-------+-------++-------
Melee: Dagger            |    60 |   150 |    64 ||   274
       Short sword       |       |    73 |       ||    73
       Punch             |       |     1 |       ||     1
       Rapier            |       |     5 |    25 ||    30
Invok: Recite            |       |     5 |     5 ||    10
       Vitalisation      |       |     1 |       ||     1
  Use: Scroll            |       |    18 |     1 ||    19
 Stab: Sleeping          |    22 |    26 |    18 ||    66
       Invisible         |       |       |     1 ||     1
Armor: Robe              |     7 |    31 |       ||    38
       Animal skin       |       |    12 |    12 ||    24
Dodge: Dodged            |    19 |   156 |    46 ||   221

Table legend: (Time is in decaauts)
 A = Elapsed time spent in this place.
 B = Non-inter-level travel time spent in this place.
 C = Inter-level travel time spent in this place.
 D = Time resting spent in this place.
 E = Time spent auto-exploring this place.
 F = Levels seen in this place.
 G = Mean time per level.
                   A        B        C        D        E       F      G
               +--------+--------+--------+--------+--------+-----+--------+
         Total |   8234 |   7766 |    468 |      0 |   6717 |   6 | 1372.3 |
       Dungeon |   7888 |   7448 |    440 |      0 |   6428 |   5 | 1577.6 |
        Temple |    346 |    318 |     28 |      0 |    288 |   1 |  346.0 |
               +--------+--------+--------+--------+--------+-----+--------+

Top non-repeatable levels by time:
     D:2: 2141 daAuts
     D:5: 1967 daAuts
     D:3: 1537 daAuts
     D:4: 1146 daAuts
     D:1: 1095 daAuts
  Temple: 346 daAuts
